 Dungeon Crawl Stone Soup version 0.18-a0-949-g5bbc315 (webtiles) character file.

32 Oddball22 the Charlatan (level 3, 0/26 HPs)
             Began as a Demonspawn Artificer on Dec 30, 2015.
             Succumbed to an adder's poison
             ... on level 2 of the Dungeon.
             The game lasted 00:03:59 (1729 turns).

Oddball22 the Charlatan (Demonspawn Artificer)      Turns: 1729, Time: 00:03:59

Health: 0/26       AC:  6    Str: 11    XL:     3   Next: 10%
Magic:  5/5        EV: 17    Int: 13    God:
Gold:   65         SH:  0    Dex: 19    Spells: 0 memorised, 2 levels left

rFire  . . .     SeeInvis .     a - +0 short sword
rCold  . . .     Gourm    .     b - +0 leather armour
rNeg   . . .     Faith    .     (no shield)
rPois  .         Spirit   .     (no helmet)
rElec  .         Dismiss  .     g - +2 cloak
rCorr  .         Reflect  .     (no gloves)
SustAt .         Harm     .     (no boots)
MR     .....                    (no amulet)
Stlth  +++.......               (no ring)
                                (no ring)

@: agile, lethally poisoned (0 -> -12), very slightly contaminated, invisible,
not resistant to hostile enchantments, fairly stealthy
A: powered by pain 1
a: no special abilities


You were on level 2 of the Dungeon.
You were not hungry.

You visited 1 branch of the dungeon, and saw 2 of its levels.

You collected 65 gold pieces.

Inventory:

Hand Weapons
 a - a +0 short sword (weapon)
Armour
 b - a +0 leather armour (worn)
 g - a +2 cloak (worn)
Wands
 c - a wand of flame (11/48)
 d - a wand of enslavement (14/24)
 e - a wand of random effects (15/48)
Scrolls
 h - a scroll of fog {unknown}
 i - a scroll of teleportation {unknown}
 k - a scroll of remove curse {unknown}
Comestibles
 f - 2 bread rations
 m - 2 chunks of flesh


   Skills:
 + Level 1.5 Fighting
 + Level 1.5 Short Blades
 + Level 2.1 Dodging
 - Level 0.8 Stealth
 + Level 3.5 Evocations


You had 2 spell levels left.
You didn't know any spells.

Dungeon Overview and Level Annotations

Branches:
Dungeon (2/15)

Altars:


Innate Abilities, Weirdness & Mutations

You sometimes gain a little power by taking damage.


Message History

You fade into invisibility!
* * * LOW HITPOINT WARNING * * *
You feel sick. The adder barely misses you.
You are very lightly contaminated with residual magic.
Drink which item? (? for menu, Esc to quit)
It was a potion of agility.
You feel agile all of a sudden.
* * * LOW HITPOINT WARNING * * *
You feel sick. The adder closely misses you.
* * * LOW HITPOINT WARNING * * *
You feel sick. The adder bites you.
* * * LOW HITPOINT WARNING * * *
* * * LOW HITPOINT WARNING * * *
You feel sick.
Evoke which item? (* to show all) (? for menu, Esc to quit)
Zapping:
d - a wand of enslavement (15/24)
Press: ? - help, Shift-Dir - straight line, f - adder
Aim: an adder (heavily wounded, hasn't noticed you, chance to defeat MR: 62%)
The adder is charmed.
This wand has 14 charges left.
You die...

###.#...###......#.. #.#
#.#....##.######## #.#
#.#....##.# #.### #####.#....#
.# #...# #..........# .# ###.#
#.###..#..###.# #.#
#.#<#......... #.#
#.#.#...#..############.#####.#
#.#.......>...@S........##....#
#.####.###.###############.####
#.# #.# #.#.............#.###
#.# #.###.#.###########.#...#
#.# #.....#.# #.###.#
#.##########.# #.....#
#............# #######
############.# #.#


You could see a friendly adder.

Vanquished Creatures
  A worm (D:2)
  A giant gecko (D:1)
  9 bats
  3 giant cockroaches (D:1)
  2 goblins (D:1)
  A hobgoblin (D:2)
  7 kobolds (D:1)
  2 giant newts
  2 rats
28 creatures vanquished.

Notes
Turn   | Place    | Note
--------------------------------------------------------------
     0 | D:1      | Oddball22 the Demonspawn Artificer began the quest for the Orb.
     0 | D:1      | Reached XP level 1. HP: 15/15 MP: 3/3
   272 | D:1      | Reached skill level 1 in Short Blades
   438 | D:1      | Gained mutation: You sometimes gain a little power by taking damage. [demonic ancestry]
   438 | D:1      | Reached XP level 2. HP: 21/21 MP: 4/4
  1304 | D:2      | Reached XP level 3. HP: 2/26 MP: 5/5
  1728 | D:2      | HP: 1/26 [poisoned by an adder]
  1729 | D:2      | Succumbed to an adder's poison

Vault maps used:
D:1:      dpeg_arrival_leaves_temple_mockup, serial_park_tiny_1
D:2:      uniq_jessica

Action                   || total
-------------------------++-------
Melee: Short sword       ||   130
Evoke: Wand              ||     5
  Use: Potion            ||     2
  Eat: Chunk             ||     3
